 Dungeon Crawl Stone Soup version 0.32-a0-475-g46bb8dd (webtiles) character file.

Game seed: 12744940508698650239

175 Remcycle the Chopper (level 5, 0/36 HPs)
             Began as a Formicid Fighter on Feb 25, 2024.
             Slain by an orc wizard
             ... wielding a +0 club
              (3 damage)
             ... on level 3 of the Dungeon.
             The game lasted 00:04:59 (2057 turns).

Remcycle the Chopper (Formicid Fighter)             Turns: 2057, Time: 00:05:00

Health: 0/36       AC:  6    Str: 19    XL:     5   Next: 86%
Magic:  5/5        EV:  9    Int:  7    God:
Gold:   80         SH:  6    Dex: 19    Spells: 4/4 levels left

rFire   . . .        a - +0 war axe
rCold   . . .        c - +0 buckler
rNeg    + . .        b - +0 scale mail
rPois   .            (helmet unavailable)
rElec   .            (no cloak)
rCorr   .            (no gloves)
SInv    +            (no boots)
Will    .....        (no amulet) Stlth
                     n - ring of positive energy
HPRegen 0.26/turn    (no ring)
MPRegen 0.09/turn

%: no passive effects
@: no status effects
A: permanent stasis, dig shafts and tunnels, antennae 3, four strong arms, agile
1, frail 1, inability to read after injury 1
a: Dig, Shaft Self


You were on level 3 of the Dungeon.
You visited 1 branch of the dungeon, and saw 3 of its levels.

You collected 80 gold pieces.

Inventory:

Hand Weapons
 a - a +0 war axe (weapon)
Missiles
 p - a throwing net
Armour
 b - a +0 scale mail (worn)
 c - a +0 buckler (worn)
Jewellery
 n - a ring of positive energy (left hand)
Scrolls
 e - 2 scrolls of torment {unknown}
 h - a scroll of brand weapon {unknown}
 i - a scroll of acquirement {unknown}
 k - a scroll of enchant armour {unknown}
 l - a scroll of silence {unknown}
 m - a scroll of poison {unknown}
 o - a scroll of butterflies {unknown}
 r - a scroll of vulnerability {unknown}
Potions
 d - a potion of might
 f - 2 potions of mutation
 g - 2 potions of curing {unknown}
 j - a potion of degeneration {unknown}
 q - a potion of heal wounds {unknown}


   Skills:
 - Level 3.2 Fighting
 + Level 5.6 Axes
 - Level 3.2 Armour
 - Level 4.0 Shields


You had 4 spell levels left.
You didn't know any spells.
Your spell library contained the following spells:

 Spells                   Type           Power      Damage    Failure   Level
 Inner Flame              Hex/Fire       0%         N/A       99%         3
 Irradiate                Conj/Alch      0%         3d11      100%        5
 Ignition                 Fire           0%         3d3       100%        8


Dungeon Overview and Level Annotations

Branches:
Dungeon (3/15)

Altars:
Ru


Innate Abilities, Weirdness & Mutations

You cannot be hasted, slowed, berserked, paralysed or teleported.
You can dig through walls and to a lower floor.
You have a pair of large antennae on your head. (SInv)
Your four strong arms can wield two-handed weapons with a shield.
You are agile. (Dex +4, Str/Int -1)
You are frail. (-10% HP)
You occasionally lose the ability to read scrolls when taking damage.


Message History

You hit the orc wizard.
The orc wizard is heavily wounded.
The orc wizard hits you with a +0 club.
You hit the orc wizard but do no damage.
The orc wizard is heavily wounded.
You block the orc wizard's attack.
The orc wizard hits you but does no damage.
You barely miss the orc wizard.
The orc wizard is heavily wounded.
The orc wizard casts a spell at you. You resist with some effort.
You closely miss the orc wizard.
The orc wizard is heavily wounded.
The orc wizard barely misses you.
You closely miss the orc wizard.
The orc wizard is heavily wounded.
The orc wizard hits you with a +0 club.
You hit the orc wizard.
The orc wizard is heavily wounded.
The orc wizard hits you with a +0 club. x2
* * * LOW HITPOINT WARNING * * *
You closely miss the orc wizard.
The orc wizard is heavily wounded.
The orc wizard points at you and mumbles some strange words.
The magic dart hits you.
* * * LOW HITPOINT WARNING * * *
You hit the orc wizard.
The orc wizard is severely wounded.
The orc wizard hits you with a +0 club.
* * * LOW HITPOINT WARNING * * *
You barely miss the orc wizard.
The orc wizard is severely wounded.
The orc wizard hits you with a +0 club.
* * * LOW HITPOINT WARNING * * *
The orc wizard barely misses you.
It was a potion of mutation.
You feel extremely strange.
You occasionally lose the ability to read scrolls when taking damage.
You feel frail.
You feel agile. The orc wizard hits you with a +0 club.
You die...

##########
###.[..)...##
......o@....##
####.####.#..#
o.
#.##.#########
#..,
#.##.........###
#.
#.##.........#..
#
^.##.......>.#..
#.######........
#..##########...
#.....########..


You could see an orc wizard.

Vanquished Creatures
  An orc priest (D:3)
  4 gnolls (D:2)
  4 adders
  2 dart slugs (D:1)
  3 ribbon worms (D:2)
  5 ball pythons
  10 endoplasms
  4 giant cockroaches
  2 goblins
  3 hobgoblins
  5 kobolds
  3 quokkas
  7 bats
  4 frilled lizards
  7 rats
64 creatures vanquished.

Notes
Turn   | Place    | Note
-------+----------+-------------------------------------------
     0 | D:1      | Remcycle the Formicid Fighter began the quest for the Orb.
     0 | D:1      | Reached XP level 1. HP: 18/18 MP: 1/1
    60 | D:1      | Reached XP level 2. HP: 24/24 MP: 2/2
   233 | D:1      | Reached skill level 3 in Axes
   444 | D:1      | Reached XP level 3. HP: 28/29 MP: 3/3
   916 | D:2      | Reached skill level 4 in Axes
   916 | D:2      | Reached XP level 4. HP: 27/35 MP: 4/4
  1474 | D:2      | Reached XP level 5. HP: 16/41 MP: 5/5
  1476 | D:2      | Reached skill level 5 in Axes
  1754 | D:3      | Found a sacrificial altar of Ru.
  2057 | D:3      | Gained mutation: You occasionally lose the ability to read
                  | scrolls when taking damage. [potion of mutation]
  2057 | D:3      | Gained mutation: You are frail. (-10% HP) [potion of
                  | mutation]
  2057 | D:3      | Gained mutation: You are agile. (Dex +4, Str/Int -1)
                  | [potion of mutation]
  2057 | D:3      | Slain by an orc wizard

Illustrated notes

Levels and vault maps discovered:
D:1:      elethiomel_arrival_quiet, layout_basic
D:2:      layout_loops_ring
D:3:      layout_rooms, mainiacjoe_overflow_alcove_1,
          mainiacjoe_overflow_brackets, lemuel_tele_altar, serial_shops,
          nicolae_shop_pleasant_corner_grove

Skill      XL: |  1  2  3  4  5 |
---------------+----------------+-----
Axes           | 3 4 5 |  5.6
Fighting       | |  3.2
Armour         | |  3.2
Shields        | |  4.0

Action                     |  1- 3 |  4- 6 || total
---------------------------+-------+-------++-------
  Melee: War axe           |    77 |   103 ||   180
    Use: Potion            |       |     1 ||     1
 Armour: Scale mail        |    44 |    78 ||   122
  Dodge: Dodged            |    34 |    46 ||    80
  Block: Buckler           |    26 |    24 ||    50

Table legend: (Time is in decaauts)
 A = Elapsed time spent in this place.
 B = Non-inter-level travel time spent in this place.
 C = Inter-level travel time spent in this place.
 D = Time resting spent in this place.
 E = Time spent auto-exploring this place.
 F = Levels seen in this place.
 G = Mean time per level.
                   A        B        C        D        E       F      G
               +--------+--------+--------+--------+--------+-----+--------+
         Total |   2115 |   2098 |     17 |     96 |   1525 |   3 |  705.0 |
       Dungeon |   2115 |   2098 |     17 |     96 |   1525 |   3 |  705.0 |
               +--------+--------+--------+--------+--------+-----+--------+

Top non-repeatable levels by time:
     D:2: 1005 daAuts
     D:1: 786 daAuts
     D:3: 322 daAuts
